 Dungeon Crawl Stone Soup version 0.27-a0-34-gc18c9092ac (webtiles) character file.

Game seed: 3148191825527718467

56 kae the Ruffian (level 3, 0/29 HPs)
             Began as a Draconian Transmuter on Jan 4, 2021.
             Slain by a gnoll
             ... wielding a +0 spear
              (2 damage)
             ... on level 2 of the Dungeon.
             The game lasted 00:01:02 (2662 turns).

kae the Ruffian (Draconian Transmuter)              Turns: 2662, Time: 00:01:04

Health: 0/29       AC:  5    Str: 13    XL:     3   Next: 71%
Magic:  6/6        EV: 12    Int: 13    God:
Gold:   89         SH:  0    Dex: 11    Spells: 5/6 levels left

rFire    . . .     SeeInvis .     - Unarmed
rCold    . . .     Faith    .   (no shield)
rNeg     . . .     Spirit   .   (armour unavailable)
rPois    .         Reflect  .   (helmet restricted)
rElec    .         Harm     .   (no cloak)
rCorr    .         Rampage  .   (no gloves)
Will     .....                  (no boots)
Stlth    +.........             (no amulet)
HPRegen  0.09/turn              (no ring)
MPRegen  0.10/turn              (no ring)

@: flying
A: unfitting armour, cold-blooded, AC +5
a: no special abilities


You were on level 2 of the Dungeon.
You visited 1 branch of the dungeon, and saw 2 of its levels.

You collected 89 gold pieces.

Inventory:

Jewellery
 h - a cursed -4 ring of intelligence {unknown}
Scrolls
 a - a scroll of remove curse {unknown}
 b - a scroll of identify {unknown}
 c - a scroll of enchant weapon {unknown}
 g - a scroll of teleportation {unknown}


   Skills:
 - Level 2.0 Fighting
 - Level 1.7 Dodging
 * Level 4.0 Unarmed Combat
 - Level 2.0 Spellcasting
 + Level 2.6 Transmutations


You had 5 spell levels left.
You knew the following spells:

 Your Spells              Type           Power        Failure   Level
a - Beastly Appendage     Tmut           16%          9%          1

Your spell library contained the following spells:

 Spells                   Type           Power        Failure   Level
 Wereblood                Tmut           8%           13%         2
 Spider Form              Tmut/Pois      2%           41%         3
 Ice Form                 Ice/Tmut       4%           82%         4
 Blade Hands              Tmut           4%           93%         5


Dungeon Overview and Level Annotations

Branches:
Dungeon (2/15)

Altars:
Ashenzari


Innate Abilities, Weirdness & Mutations

Your plain brown scales are hard. (AC +5)
You cannot fit into any form of body armour.
You are cold-blooded and may be slowed by cold attacks.


Message History

The gnoll misses you.
You punch the gnoll!
You kill the gnoll!
The gnoll hits you from afar with a +0 halberd!
Your Unarmed Combat skill increases to level 4!
You completely miss the giant cockroach.
You tail-slap the giant cockroach, but do no damage.
The giant cockroach barely misses you.
The gnoll hits you from afar with a +0 spear!
* * * LOW HITPOINT WARNING * * *
The gnoll barely misses you.
You barely miss the giant cockroach. You tail-slap the giant cockroach.
The giant cockroach is heavily wounded.
The giant cockroach barely misses you. The gnoll barely misses you.
The giant cockroach bites you but does no damage.
It was a potion of flight.
You feel very buoyant.
You fly up into the air.
The gnoll misses you.
The gnoll hits you from afar with a +0 spear.
You die...

#...#..#
#.....## #####
#...#####.....
#.....)...#
###.....###
#.###..####
#.# ##....#
#.# ####.####
..# #.@Bg# .##
####g..... #.
.#### .# $# #


You could see 2 gnolls and a giant cockroach.

Vanquished Creatures
  2 adders (D:2)
  A gnoll (D:2)
  A leopard gecko (D:1)
  A bat (D:2)
  8 hobgoblins
  5 kobolds
  3 frilled lizards (D:1)
  5 goblins
  3 rats
29 creatures vanquished.

Notes
Turn   | Place    | Note
-------+----------+-------------------------------------------
     0 | D:1      | kae the Draconian Transmuter began the quest for the Orb.
     0 | D:1      | Reached XP level 1. HP: 16/16 MP: 3/3
   470 | D:1      | Reached XP level 2. HP: 22/23 MP: 3/5
  1176 | D:1      | Found a broken altar of Ashenzari.
  1449 | D:1      | Reached XP level 3. HP: 18/29 MP: 6/6
  2660 | D:2      | Reached skill level 4 in Unarmed Combat
  2662 | D:2      | Slain by a gnoll

Illustrated notes

Levels and vault maps discovered:
D:1:      minmay_arrival_nine_rooms, layout_basic, st_stairs_13,
          evilmike_ruin_ashenzari
D:2:      layout_rooms, chequers_serial_rivers_room_b, minmay_lizard_pond

Skill      XL: |  1  2  3 |
---------------+----------+-----
Fighting       | 2 |  2.0
Unarmed Combat | 4 |  4.0
Dodging        | |  1.7
Spellcasting   | |  2.0
Transmutations | |  2.6

Action                   || total
-------------------------++-------
Melee: Unarmed           ||    84
       Kick              ||     9
       Headbutt          ||     4
       Tailslap          ||     8
 Cast: Beastly Appendage ||    17
  Use: Potion            ||     3
Armor: Skin              ||    29
Dodge: Dodged            ||    79

Table legend: (Time is in decaauts)
 A = Elapsed time spent in this place.
 B = Non-inter-level travel time spent in this place.
 C = Inter-level travel time spent in this place.
 D = Time resting spent in this place.
 E = Time spent auto-exploring this place.
 F = Levels seen in this place.
 G = Mean time per level.
                   A        B        C        D        E       F      G
               +--------+--------+--------+--------+--------+-----+--------+
         Total |   2658 |   2616 |     42 |    762 |   1631 |   2 | 1329.0 |
       Dungeon |   2658 |   2616 |     42 |    762 |   1631 |   2 | 1329.0 |
               +--------+--------+--------+--------+--------+-----+--------+

Top non-repeatable levels by time:
     D:1: 2224 daAuts
     D:2: 434 daAuts
